 Dungeon Crawl Stone Soup version 0.30-a0-702-gdf48620a09 (webtiles) character file.

Game seed: 14499034470812083055

122 Alitron123 the Cudgeller (level 5, -6/33 HPs)
             Began as a Gargoyle Berserker on Jan 21, 2023.
             Was a Priest of Trog.
             Mangled by an orc warrior
             ... wielding a +0 long sword
              (11 damage)
             ... on level 4 of the Dungeon.
             The game lasted 00:02:57 (2494 turns).

Alitron123 the Cudgeller (Gargoyle Berserker)       Turns: 2494, Time: 00:02:58

Health: -6/33      AC: 12    Str: 22    XL:     5   Next: 6%
Magic:  5/5        EV: 11    Int:  8    God:    Trog [***...]
Gold:   139        SH:  0    Dex: 12    Spells: 4/4 levels left

rFire   . . .      SeeInvis .    a - +0 mace
rCold   . . .      Faith    .    (no shield)
rNeg    + . .      Spirit   .    h - +0 ring mail
rPois   ∞          Reflect  .    l - +2 helmet "Ususchun" {Dex+3}
rElec   +          Harm     .    (no cloak)
rCorr   .          Rampage  .    (no gloves)
Will    .....                    (no boots) Stlth
                                 (no amulet)
HPRegen 0.25/turn                (no ring)
MPRegen 0.09/turn                (no ring)

@: confused
A: sickness immunity, AC +4, negative energy resistance 1, electricity
resistance, torment resistance 1, petrification resistance
a: Renounce Religion, Berserk, Trog's Hand


You were on level 4 of the Dungeon.
You worshipped Trog.
Trog was most pleased with you.
You visited 1 branch of the dungeon, and saw 4 of its levels.

You collected 139 gold pieces.

Inventory:

Hand Weapons
 a - a +0 mace (weapon)
Missiles
 n - 3 atropa-tipped darts (quivered)
Armour
 h - a +0 ring mail (worn)
 l - the +2 helmet "Ususchun" (worn) {Dex+3}
   (You took it off Robin on level 2 of the Dungeon)

   Dex:       It affects your dexterity (+3).
Jewellery
 m - a ring of magical power
Scrolls
 c - 3 scrolls of teleportation {unknown}
 d - a scroll of enchant armour {unknown}
 f - a scroll of vulnerability {unknown}
 i - a scroll of poison {unknown}
 q - a scroll of fear {unknown}
 r - a scroll of identify {unknown}
Potions
 b - a potion of magic {unknown}
 e - 2 potions of heal wounds {unknown}
 g - 2 potions of ambrosia {unknown}
 j - a potion of haste {unknown}
 k - a potion of cancellation {unknown}
 o - a potion of flight {unknown}
 p - a potion of lignification {unknown}


   Skills:
 + Level 3.7 Fighting
 + Level 4.3 Maces & Flails
 + Level 3.3 Armour
 + Level 2.1 Dodging


You had 4 spell levels left.
You didn't know any spells.
Your spell library was empty.

Dungeon Overview and Level Annotations

Branches:
Dungeon (4/15)
 Temple: D:4-7

Altars:


Innate Abilities, Weirdness & Mutations

You are immune to sickness and miasma.
Your stone body is resilient. (AC +4)
You are immune to poison.
You resist negative energy. (rN+)
You are resistant to electric shocks. (rElec)
You are resistant to unholy torment.
You are immune to petrification.


Message History

You sock the orc wizard!
The orc wizard is heavily wounded.
The orc wizard hits you but does no damage.
You miss the orc wizard.
The orc wizard is heavily wounded.
An orc warrior comes into view. It is wielding a +0 long sword.
The orc wizard hits you but does no damage.
The orc wizard points at you and mumbles some strange words.
The puff of flame hits you.
You hit the orc wizard.
The orc wizard is heavily wounded.
The orc wizard casts a spell.
The orc wizard flickers and vanishes!
Deactivating autopickup; reactivate with Ctrl-A.
You sock the orc warrior!
The orc warrior is moderately wounded.
The orc warrior hits you with a +0 long sword.
Something hits you but does no damage.
You hit the orc warrior.
The orc warrior is moderately wounded.
The orc warrior closely misses you.
You hear some strange, mumbled words.
You are confused.
You hear a shout!
You closely miss something.
The orc warrior hits you with a +0 long sword.
Something hits you but does no damage.
You miss something.
The orc warrior hits you with a +0 long sword!
* * * LOW HITPOINT WARNING * * *
Something hits you but does no damage.
An orc comes into view. It is wielding a +0 flail of draining.
You are too confused!
The orc warrior attacks as you move away!
The orc warrior hits you with a +0 long sword.
* * * LOW HITPOINT WARNING * * *
Something hits you but does no damage.
You bump into the rock wall.
The orc warrior hits you with a +0 long sword!
You die...

##### .
.... ..
.. ...
... ..
..# #.#
#.#..
..##
...###..
#.)##.#
#.##.#
#@o{o#
###..#
####


You could see an orc warrior and an orc.

Vanquished Creatures
  Robin (D:2)
  4 adders
  2 dart slugs
  An orc (D:4)
  6 ball pythons
  4 endoplasms
  A giant cockroach (D:1)
  12 goblins
  7 hobgoblins
  4 jackals (D:2)
  4 kobolds
  4 quokkas
  4 bats
  6 frilled lizards
  7 rats (D:1)
67 creatures vanquished.

Notes
Turn   | Place    | Note
-------+----------+-------------------------------------------
     0 | D:1      | Alitron123 the Gargoyle Berserker began the quest for the
                  | Orb.
     0 | D:1      | Reached XP level 1. HP: 14/14 MP: 1/1
   169 | D:1      | Reached XP level 2. HP: 18/19 MP: 2/2
   172 | D:1      | Found a faded altar of an unknown god.
   782 | D:2      | Reached XP level 3. HP: 22/23 MP: 3/3
   811 | D:2      | Reached ** piety under Trog
  1339 | D:2      | Identified the +2 helmet "Ususchun" {Dex+3}
  1339 | D:2      | Noticed Robin
  1357 | D:2      | Killed Robin
  1358 | D:2      | Reached skill level 4 in Maces & Flails
  1358 | D:2      | Reached XP level 4. HP: 14/29 MP: 4/4
  2233 | D:3      | Reached *** piety under Trog
  2418 | D:3      | Reached XP level 5. HP: 33/33 MP: 5/5
  2487 | D:4      | Noticed an orc warrior
  2494 | D:4      | Mangled by an orc warrior

Illustrated notes

Levels and vault maps discovered:
D:1:      dpeg_arrival_ratfight, layout_basic, hellmonk_ecumenical_altar_zigzags
D:2:      layout_basic, uniq_robin
D:3:      layout_loops_ring
D:4:      layout_rooms, minmay_cut_off

Skill      XL: |  1  2  3  4 |
---------------+-------------+-----
Dodging        | 2 |  2.1
Maces & Flails | 4 |  4.3
Armour         | 3 |  3.3
Fighting       | |  3.7

Action                   |  1- 3 |  4- 6 || total
-------------------------+-------+-------++-------
Melee: Mace              |   130 |    89 ||   219
Invok: Berserk           |     1 |       ||     1
 Stab: Sleeping          |     1 |       ||     1
Armor: Animal skin       |    10 |       ||    10
       Ring mail         |    66 |    54 ||   120
Dodge: Dodged            |   102 |    60 ||   162

Table legend: (Time is in decaauts)
 A = Elapsed time spent in this place.
 B = Non-inter-level travel time spent in this place.
 C = Inter-level travel time spent in this place.
 D = Time resting spent in this place.
 E = Time spent auto-exploring this place.
 F = Levels seen in this place.
 G = Mean time per level.
                   A        B        C        D        E       F      G
               +--------+--------+--------+--------+--------+-----+--------+
         Total |   2547 |   2425 |    122 |      0 |   1971 |   4 |  636.8 |
       Dungeon |   2547 |   2425 |    122 |      0 |   1971 |   4 |  636.8 |
               +--------+--------+--------+--------+--------+-----+--------+

Top non-repeatable levels by time:
     D:2: 1077 daAuts
     D:1: 781 daAuts
     D:3: 669 daAuts
     D:4: 19 daAuts
